 Dungeon Crawl Stone Soup version 0.18-a0-1024-gf1736fb (webtiles) character file.

483 Duffy the Caller (level 6, -2/41 HPs)
             Began as a Mummy Summoner on Jan 7, 2016.
             Was an Initiate of Sif Muna.
             Slain by a wyvern (8 damage)
             ... on level 5 of the Dungeon.
             The game lasted 00:09:45 (7239 turns).

Duffy the Caller (Mummy Summoner)                   Turns: 7239, Time: 00:09:45

Health: -2/41      AC:  2    Str: 11    XL:     6   Next: 88%
Magic:  2/20       EV: 12    Int: 16    God:    Sif Muna [......]
Gold:   267        SH:  0    Dex: 13    Spells: 4 memorised, 2 levels left

rFire  . . .     SeeInvis .     c - 204 stones
rCold  + . .     Gourm    .     j - +0 robe {rF+}
rNeg   + + +     Faith    .     (no shield)
rPois  ∞         Spirit   .     a - +0 hat
rElec  .         Dismiss  .     (no cloak)
rCorr  .         Reflect  .     (no gloves)
SustAt .         Harm     .     (no boots)
MR     .....                    (no amulet)
Stlth  ++........               (no ring)
                                m - ring of magical power

@: very slightly contaminated, not resistant to hostile enchantments, unstealthy
A: no food or potions, fire vulnerability, cold resistance 1, negative energy
resistance 3, torment resistance, unbreathing
a: Renounce Religion


You were on level 5 of the Dungeon.
You worshipped Sif Muna.
Sif Muna was noncommittal.
You were not hungry.

You visited 2 branches of the dungeon, and saw 6 of its levels.

You collected 267 gold pieces.


Innate Abilities, Weirdness & Mutations

You do not eat or drink.
Your flesh is vulnerable to fire.
You are immune to poison.
Your flesh is cold resistant.
You are immune to negative energy.
You are immune to unholy pain and torment.
You can survive without breathing.


   Skills:
 - Level 1.5 Dodging
 - Level 1.5 Stealth
 + Level 3.6 Spellcasting
 + Level 5.9 Summonings
 * Level 1.7 Ice Magic


You had 2 spell levels left.
You knew the following spells:

 Your Spells              Type           Power        Failure   Level  Hunger
a - Summon Small Mammal   Summ           ###.         1%          1    N/A
i - Call Imp              Summ           ###.....     2%          2    N/A
l - Summon Ice Beast      Ice/Summ       ###.....     38%         4    N/A
n - Call Canine Familiar  Summ           ###.....     6%          3    N/A

Inventory:

Missiles
 c - 204 stones (in hand)
Armour
 a - a +0 hat (worn)
 j - a +0 robe of fire resistance (worn)
Jewellery
 f - an uncursed ring of ice
 m - a ring of magical power (left hand)
Wands
 d - a wand of digging (6/24)
Scrolls
 e - a scroll of teleportation
 g - 2 scrolls of recharging
 h - 4 scrolls of enchant armour
 i - 5 scrolls of remove curse
 k - a scroll of noise
 l - a scroll of enchant weapon {unknown}
 n - a scroll of amnesia {unknown}
Books
 b - a book of Callings
 o - a book of Geomancy

Dungeon Overview and Level Annotations

Branches:
Dungeon (5/15)             Temple (1/1) D:4

Altars:
Ashenzari
Cheibriados
Dithmenos
Elyvilon
Fedhas
Gozag
Kikubaaqudgha
Nemelex Xobeh
Qazlal
Ru
Sif Muna
Zin
The Shining One


Message History

The wyvern barely misses you.
Your hound bites the wyvern but does no damage.
The wyvern bites you.
There is a stone staircase leading up here.
Evoke which item? (* to show all) (? for menu, Esc to quit)
Okay, then.
Cast which spell? (? or * to list)
A beastly little devil appears in a puff of flame.
Your hound bites the wyvern but does no damage.
The wyvern closely misses you.
Your hound bites the wyvern but does no damage.
The wyvern bites you!!
Your hound barely misses the wyvern.
Your crimson imp closely misses the wyvern.
The wyvern barely misses your crimson imp.
Your hound closely misses the wyvern.
The wyvern closely misses your crimson imp.
Your crimson imp closely misses the wyvern.
Your hound misses the wyvern. The orc barely misses your hound.
The wyvern closely misses your crimson imp.
Your crimson imp hits the wyvern but does no damage.
Your hound bites the wyvern but does no damage.
You see here a meat ration.
The wyvern bites your crimson imp!
Your crimson imp dies!
The orc misses your hound.
Your hound closely misses the wyvern.
The wyvern barely misses you.
Your hound closely misses the wyvern.
The wyvern bites you!
Really attack while wielding your 204 stones? [Y]es or [N]o only, please.
Really attack while wielding your 204 stones?
Okay, then.
The scorpion misses you. The wyvern bites you!
You die...

#..........##.............o....
#.........###.#########...#####
#.!......## #.###### #...#
#############......# #...# #
#....%...####...# # ########
#.##.....<......# ####......#
#.##.....####...#
.....####.###h##s....# #####
#.............#l@..##......
..##.####.###.h###..#......
####.####.# #.## ##.#..#...
####......##.## #...# #.
.....#######. .... ###### #.
..... ## ...


You could see a wyvern, a scorpion and a friendly hound.

Action                   |  1- 3 |  4- 6 || total
-------------------------+-------+-------++-------
Throw: Stone             |     1 |     3 ||     4
 Cast: Summon Small Mamm |    94 |     4 ||    98
       Call Imp          |     2 |    59 ||    61
       Call Canine Famil |       |    56 ||    56
       Summon Ice Beast  |       |     1 ||     1
  Use: Scroll            |       |     5 ||     5

Notes
Turn   | Place    | Note
--------------------------------------------------------------
     0 | D:1      | Duffy the Mummy Summoner began the quest for the Orb.
     0 | D:1      | Reached XP level 1. HP: 13/13 MP: 3/3
  1001 | D:1      | Reached XP level 2. HP: 19/19 MP: 1/5
  1005 | D:1      | Learned a level 2 spell: Call Imp
  2171 | D:2      | Noticed Sigmund
  2181 | D:2      | Killed Sigmund
  2181 | D:2      | Reached skill level 4 in Summonings
  2181 | D:2      | Reached XP level 3. HP: 24/24 MP: 1/6
  2181 | D:2      | Reached XP level 4. HP: 30/30 MP: 1/7
  2264 | D:2      | Found a white marble altar of Elyvilon.
  2348 | D:2      | Reached skill level 5 in Summonings
  2417 | D:2      | Learned a level 3 spell: Call Canine Familiar
  2629 | D:2      | Found a snail-covered altar of Cheibriados.
  3681 | D:2      | Reached XP level 5. HP: 35/35 MP: 4/8
  3869 | D:3      | Found a glowing golden altar of the Shining One.
  4747 | D:3      | Found a glowing silver altar of Zin.
  4747 | D:3      | Found an opulent altar of Gozag.
  5281 | D:4      | Found a shadowy altar of Dithmenos.
  5353 | D:4      | Found a staircase to the Ecumenical Temple.
  5377 | Temple   | Entered the Ecumenical Temple
  5672 | D:4      | Noticed Edmund
  5712 | D:4      | Killed Edmund
  5712 | D:4      | Reached skill level 3 in Spellcasting
  5712 | D:4      | Reached XP level 6. HP: 30/41 MP: 9/10
  5826 | D:4      | Learned a level 4 spell: Summon Ice Beast
  5914 | D:4      | Found a deep blue altar of Sif Muna.
  5920 | D:4      | Became a worshipper of Sif Muna the Loreminder
  5962 | D:4      | Noticed Natasha
  5970 | D:4      | Killed Natasha
  6028 | D:4      | Noticed Natasha
  6036 | D:4      | Killed Natasha
  6341 | D:4      | Reached skill level 1 in Ice Magic
  6555 | D:4      | Noticed Natasha
  6564 | D:4      | Killed Natasha
  6671 | D:5      | Entered Level 5 of the Dungeon
  7127 | D:5      | Found a sacrificial altar of Ru.
  7202 | D:5      | Noticed a wyvern
  7239 | D:5      | Slain by a wyvern

Vault maps used:
D:1:      ncdulo_halloftheorcs
D:2:      nicolae_overflow_crystal_walls, first_bread, minmay_misc_feat_rows,
          elyvilon_altar_4, uniq_sigmund
D:3:      grunt_temple_overflow_gold_and_silver, tso_metal_star
D:4:      lemuel_crystal_altar, lemuel_round_altar,
          minmay_temple_entry_water_ring, uniq_natasha, uniq_edmund
D:5:      nicolae_ru_the_path_less_chosen, okawaru_metal_pillars_1_2,
          gammafunk_temple_overflow_elements
Temple:   circular_temple_6

Vanquished Creatures
  Sigmund Edmund
  An ogre
  A crimson imp
  A quasit
  2 orc priests
  4 hounds
  A giant frog skeleton Natasha (thrice)
  A worker ant zombie
  6 gnolls
  6 adders
  A shadow imp
  2 oozes
  2 worms
  2 giant geckos
  4 orcs
  6 giant cockroaches
  9 goblins
  4 hobgoblins
  4 jackals
  7 kobolds
  A quokka
  A ball python
  9 bats
  6 giant newts
  A quokka skeleton
  12 rats
99 creatures vanquished.
